 Dungeon Sprint DCSS version 0.30.1-11-g7821555f0a (webtiles) character file.

Game seed: 4797107741498351594

1257 booth the Grappler (level 8, -2/87 HPs)
             Began as a Troll Fighter on Nov 29, 2023.
             Was a Follower of Qazlal.
             Slain by a centaur warrior (3 damage)
             ... in the Dungeon (Sprint I: "Red Sonja").
             The game lasted 00:03:45 (298 turns).

booth the Grappler (Troll Fighter)                   Turns: 298, Time: 00:03:45

Health: -2/87      AC:  6    Str: 25    XL:     8   Next: 26%
Magic:  7/7        EV: 11    Int:  4    God:    Qazlal [*.....]
Gold:   321        SH: 12    Dex: 11    Spells: 7/7 levels left

rFire   + .          .
                       - Unarmed
rCold   + . .        b - +0 kite shield
rNeg    . . .        k - +2 robe {rC+ rF+}
rPois   .            (helmet restricted)
rElec   .            (no cloak)
rCorr   .            (gloves unavailable)
SInv    .            (boots unavailable)
Will    .....        (no amulet)
Stlth   +            (no ring)
HPRegen 1.14/turn    (no ring)
MPRegen 0.10/turn

%: no teleportation
@: no status effects
A: large, unfitting armour, claws 3, regeneration 1, shaggy fur 1, tough skin 1
a: Renounce Religion


You were in the Dungeon.
You worshipped Qazlal.
Qazlal was aware of your devotion.
You visited 1 branch You collected 405 gold pieces.
You spent 84 gold pieces at shops.

Inventory:

Armour
 b - a +0 kite shield (worn)
 k - a +2 robe of resistance (worn)
Wands
 j - a wand of iceblast (8)
Scrolls
 a - a scroll of identify
 l - a scroll of fear
Potions
 c - a potion of might
 d - a potion of curing
 f - a potion of haste
 g - 2 potions of magic
 h - a potion of berserk rage


   Skills:
 + Level 7.1 Fighting
 + Level 7.5 Dodging
 + Level 0.7 Stealth
 + Level 8.3 Shields
 * Level 11.5 Unarmed Combat


You had 7 spell levels left.
You didn't know any spells.
Your spell library was empty.

Dungeon Overview and Level Annotations

Branches:
Dungeon (1/1)

Altars:
Cheibriados
Dithmenos
Elyvilon
Fedhas
Gozag
Hepliaklqana
Kikubaaqudgha
Makhleb
Nemelex Xobeh
Okawaru
Qazlal
Ru
Sif Muna
Trog
Uskayaw
Vehumet
Wu Jian
Xom
Yredelemnul
Zin
The Shining One
Jiyva
Lugonu

Shops:
D ?


Innate Abilities, Weirdness & Mutations

You are too large for most types of armour.
You have claws for hands.
Your natural rate of healing is unusually fast.
You are covered in fur. (AC +1)
You have tough skin. (AC +1)


Message History

You block the centaur warrior's attack.
The centaur warrior kicks you but does no damage.
The centaur warrior hits you! The centaur warrior kicks you.
You block the centaur warrior's attack. The centaur warrior misses you.
You scratch the centaur warrior.
The centaur warrior is lightly wounded.
The centaur warrior hits you! The centaur warrior kicks you.
The centaur warrior hits you! The centaur warrior kicks you.
The centaur warrior wields a +0 longbow.
The centaur warrior shoots an arrow.
You block the arrow.
The centaur warrior wields a +0 shortbow.
The centaur warrior shoots an arrow.
The arrow hits you!!
* * * LOW HITPOINT WARNING * * *
The centaur warrior shoots an arrow.
The arrow hits you!
* * * LOW HITPOINT WARNING * * *
The centaur warrior shoots an arrow.
You block the arrow.
There is an open door, spattered with blood here.
The centaur warrior unwields a +0 longbow.
The centaur warrior misses you.
The centaur warrior completely misses you.
The centaur warrior unwields a +0 shortbow.
You block the centaur warrior's attack.
The centaur warrior kicks you but does no damage.
The centaur warrior hits you.
* * * LOW HITPOINT WARNING * * *
The centaur warrior completely misses you.
The centaur warrior barely misses you. You block the centaur warrior's attack.
There is an open door, spattered with blood here.
You scratch the centaur warrior.
The centaur warrior is lightly wounded.
You block the centaur warrior's attack. x2; The centaur warrior hits you!
* * * LOW HITPOINT WARNING * * *
The centaur warrior kicks you but does no damage.
You scratch the centaur warrior.
The centaur warrior is lightly wounded.
The centaur warrior hits you.
* * * LOW HITPOINT WARNING * * *
The centaur warrior kicks you but does no damage.
You block the centaur warrior's attack. The centaur warrior kicks you.
You die...

##########################
#<.#..)..#..'..#__#..)s..#
#..').#..)[.#..'..+.s#...##+#
#..#####'#####'#__####..§ss.#
#..####..#...#§####!$#####..+
#..#__####..##)#c§~§.# ##
#..#_____##'#§§@c§§§§+
#⌠⌠#_.∩..†'...§#~§§..#
####_..__##_.#+##+####
#_____###+# #######


You could see 2 centaur warriors.

Vanquished Creatures
  2 kobold demonologists (D)
  A slime creature (D)
  Sigmund (D)
  A yak (D)
  A floating eye (D)
  An ogre (D)
  A jelly (D)
  Ijyb (D)
9 creatures vanquished.

Notes
Turn   | Place    | Note
-------+----------+-------------------------------------------
     0 | D        | booth the Troll Fighter began the quest for the Orb.
     0 | D        | Reached XP level 1. HP: 22/22 MP: 0/0
     2 | D        | Noticed Ijyb
    13 | D        | Killed Ijyb
    14 | D        | Reached skill level 3 in Unarmed Combat
    14 | D        | Reached XP level 2. HP: 20/31 MP: 1/1
    29 | D        | Noticed an ogre
    36 | D        | Killed an ogre
    37 | D        | Reached skill level 5 in Unarmed Combat
    37 | D        | Reached XP level 3. HP: 37/39 MP: 2/2
    37 | D        | Reached XP level 4. HP: 45/48 MP: 3/3
    50 | D        | Noticed Sigmund
    56 | D        | Killed Sigmund
    57 | D        | Reached skill level 5 in Fighting
    57 | D        | Reached skill level 5 in Dodging
    57 | D        | Reached skill level 7 in Unarmed Combat
    57 | D        | Reached XP level 5. HP: 53/57 MP: 4/4
    57 | D        | Reached XP level 6. HP: 62/66 MP: 5/5
    85 | D        | Found an ornate altar of the Wu Jian Council.
    85 | D        | Found a shimmering blue altar of Sif Muna.
    94 | D        | Found a radiant altar of Vehumet.
   119 | D        | Found Zokkit's Magic Scroll Emporium.
   119 | D        | Found an ancient bone altar of Kikubaaqudgha.
   119 | D        | Found a hazy altar of Hepliaklqana.
   119 | D        | Found a stormy altar of Qazlal.
   119 | D        | Found a hide-covered altar of Uskayaw.
   119 | D        | Found a blossoming altar of Fedhas.
   119 | D        | Found a bloodstained altar of Trog.
   119 | D        | Found an iron altar of Okawaru.
   119 | D        | Found a basalt altar of Yredelemnul.
   119 | D        | Found a glowing golden altar of the Shining One.
   119 | D        | Found a snail-covered altar of Cheibriados.
   119 | D        | Found a sacrificial altar of Ru.
   119 | D        | Found a glowing silver altar of Zin.
   119 | D        | Found a shadowy altar of Dithmenos.
   119 | D        | Found a white marble altar of Elyvilon.
   119 | D        | Noticed a yak
   120 | D        | Found an opulent altar of Gozag.
   126 | D        | Killed a yak
   127 | D        | Reached skill level 8 in Unarmed Combat
   127 | D        | Found a sparkling altar of Nemelex Xobeh.
   133 | D        | Bought a scroll of identify for 28 gold pieces
   133 | D        | Bought a scroll of fear for 56 gold pieces
   138 | D        | Became a worshipper of Qazlal Stormbringer
   151 | D        | Found a burning altar of Makhleb.
   151 | D        | Found a viscous altar of Jiyva.
   151 | D        | Found a shimmering altar of Xom.
   151 | D        | Found a corrupted altar of Lugonu.
   151 | D        | Noticed a slime creature
   160 | D        | Killed a slime creature
   161 | D        | Reached skill level 9 in Unarmed Combat
   161 | D        | Reached XP level 7. HP: 32/76 MP: 6/6
   214 | D        | Noticed a kobold demonologist
   214 | D        | Noticed a kobold demonologist
   216 | D        | Paralysed by a floating eye for 3 turns
   224 | D        | Killed a kobold demonologist
   224 | D        | Reached * piety under Qazlal
   225 | D        | Reached skill level 10 in Unarmed Combat
   230 | D        | Killed a kobold demonologist
   231 | D        | Reached skill level 11 in Unarmed Combat
   231 | D        | Reached XP level 8. HP: 86/87 MP: 7/7
   239 | D        | Noticed a demonic crawler
   239 | D        | Noticed a demonic crawler
   239 | D        | Noticed a demonic crawler
   239 | D        | Noticed a demonic crawler
   288 | D        | Noticed a centaur warrior
   288 | D        | Noticed a centaur warrior
   297 | D        | HP: 3/87 [centaur warrior (9)]
   298 | D        | HP: 1/87 [centaur warrior (3)]
   298 | D        | Slain by a centaur warrior

Illustrated notes

Levels and vault maps discovered:
D:        dungeon_sprint_1 [red_sonja_temple_1, red_sonja_temple_small_1]

Skill      XL: |  1  2  3  4  5  6  7 |
---------------+----------------------+-----
Fighting       | 3 4 5 6 7 |  7.1
Dodging        | 3 4 5 6 7 |  7.5
Shields        | 3 4 6 7 8 |  8.3
Unarmed Combat | 3 5 7 9 11 | 11.5
Stealth        | |  0.7

Action                     |  1- 3 |  4- 6 |  7- 9 || total
---------------------------+-------+-------+-------++-------
  Melee: Unarmed           |    15 |    21 |    24 ||    60
    Use: Scroll            |       |       |     1 ||     1
         Potion            |       |       |     1 ||     1
   Stab: Sleeping          |       |     1 |       ||     1
 Armour: Robe              |     1 |     1 |     4 ||     6
  Dodge: Dodged            |       |     5 |    16 ||    21
  Block: Kite shield       |     6 |     4 |    29 ||    39
